 Dungeon Crawl Stone Soup version 0.30-a0-738-g116ff8c4af (webtiles) character file.

Game seed: 8152912508332003217

311210 HoaS the Wrestler (level 19, -13/180 HPs)
             Began as a Demigod Gladiator on Feb 2, 2023.
             Mangled by a naga warrior
             ... wielding a +0 trident
              (37 damage)
             ... on level 1 of the Depths on Feb 3, 2023.
             The game lasted 01:58:51 (39241 turns).

HoaS the Wrestler (Demigod Gladiator)              Turns: 39241, Time: 01:58:52

Health: -13/180    AC: 39    Str: 54    XL:     19   Next: 62%
Magic:  22/22      EV: 27    Int: 10    God:
Gold:   516        SH:  5    Dex: 22    Spells: 18/18 levels left

rFire   . . .      SeeInvis .      - Unarmed
rCold   . . .      Faith    .    (no shield)
rNeg    . . .      Spirit   .    j - +9 plate armour of the Snake Pit {Regen+ Dex+3}
rPois   .          Reflect  +    y - +2 helmet
rElec   +          Harm     .    c - +2 cloak
rCorr   .          Rampage  .    x - +2 pair of gloves {Str+3}
Will    +....                    T - +2 pair of slick slippers {slick, slippery, EV+5} Stlth
                                 B - amulet "Qonovev" {Reflect rElec Dex+4 SH+5}
HPRegen 1.30/turn                F - +6 ring of strength
MPRegen 0.18/turn                r - +6 ring of strength

@: slowed, studying 3 skills, very slow
A: high MP 1, forlorn, divine attributes
}: 2/15 runes: barnacled, gossamer
a: no special abilities


You were on level 1 of the Depths.
You visited 7 branches of the dungeon, and saw 35 of its levels.
You also visited: Ossuary.

You collected 4823 gold pieces.
You spent 4307 gold pieces at shops.

Inventory:

Missiles
 h - 21 boomerangs (quivered)
 i - 58 poisoned darts
 o - 26 javelins
 p - 2 datura-tipped darts
 D - 2 curare-tipped darts
 E - 9 silver javelins
 M - 3 atropa-tipped darts
 R - 2 throwing nets
 S - a silver boomerang
Armour
 c - a +2 cloak (worn)
 j - the +9 plate armour of the Snake Pit (worn) {Regen+ Dex+3}
   (You found it on level 2 of the Dungeon)

   Dex:       It affects your dexterity (+3).
   Regen:     It increases your rate of health regeneration.
 x - a +2 pair of gloves of strength (worn)
 y - a +2 helmet (worn)
 P - the +2 pair of boots of the Curious Deaths {Int+3 SInv}
   (You found it on level 4 of the Spider Nest)

   Int:       It affects your intelligence (+3).
   SInv:      It lets you see invisible.
 T - the +2 pair of slick slippers (worn) {slick, slippery, EV+5}
   (You found it on level 4 of the Shoals)

   Slick:     Its wearer cannot be constricted, engulfed, netted or webbed.
   Slippery:  It slips away from damaging melee attacks, pulling the attacker
   onward.
   EV:        It affects your evasion (+5).
Jewellery
 b - a ring of poison resistance
 m - a ring of ice
 r - a +6 ring of strength (right hand)
 t - a +5 ring of evasion
 B - the amulet "Qonovev" (around neck) {Reflect rElec Dex+4 SH+5}
   (You found it on level 4 of the Vaults)

   [amulet of reflection]

   It reflects blocked missile attacks.
   Dex:       It affects your dexterity (+4).
   rElec:     It insulates you from electricity.
   SH:        It affects your SH (+5).
 F - a +6 ring of strength (left hand)
 V - the ring "Noejaoch" {+Blink Will+ SInv Stlth+}
   (You found it on level 4 of the Shoals)

   [ring of willpower]

   SInv:      It lets you see invisible.
   +Blink:    It lets you blink.
   Will:      It increases your willpower.
   Stlth:     It makes you more stealthy.
 W - a ring of protection from fire
 X - a ring of positive energy
 Z - a +5 ring of evasion
Wands
 K - a wand of digging (5)
Scrolls
 n - 14 scrolls of teleportation
 s - 3 scrolls of fear
 v - 7 scrolls of fog
 z - 4 scrolls of blinking
 C - 27 scrolls of identify
 G - a scroll of summoning {unknown}
 H - 4 scrolls of magic mapping
 I - 3 scrolls of silence
 L - a scroll of poison
Potions
 a - 5 potions of haste
 d - 6 potions of attraction
 e - 8 potions of flight
 f - 4 potions of might
 g - 8 potions of mutation
 k - a potion of heal wounds
 l - 4 potions of resistance
 q - 19 potions of curing
 u - 5 potions of lignification
 w - a potion of berserk rage
 A - 21 potions of ambrosia
 J - a potion of cancellation


   Skills:
 + Level 18.4 Fighting
 - Level 1.7 Throwing
 + Level 15.9 Armour
 + Level 16.1 Dodging
 * Level 22.8 Unarmed Combat


You had 18 spell levels left.
You didn't know any spells.
Your spell library contained the following spells:

 Spells                   Type           Power      Damage    Failure   Level
 Kiss of Death            Conj/Necr      0%         2d5       67%         1
 Shock                    Conj/Air       0%         1d3       67%         1
 Slow                     Hex            0%         N/A       67%         1
 Summon Small Mammal      Summ           0%         N/A       67%         1
 Blink                    Tloc           0%         N/A       82%         2
 Ensorcelled Hibernation  Hex/Ice        0%         N/A       82%         2
 Lesser Beckoning         Tloc           0%         N/A       82%         2
 Momentum Strike          Conj/Tloc      0%         3d8       82%         2
 Call Canine Familiar     Summ           0%         N/A       96%         3
 Confusing Touch          Hex            0%         N/A       96%         3
 Dazzling Flash           Conj/Hex       0%         N/A       96%         3
 Gell's Gravitas          Tloc           0%         N/A       96%         3
 Hailstorm                Conj/Ice       0%         3d3       96%         3
 Ignite Poison            Fire/Tmut/Pois 0%         N/A       96%         3
 Kindle Blastsparks       Fire/Tloc/Air  0%         2d10      96%         3
 Portal Projectile        Hex/Tloc       0%         N/A       96%         3
 Spider Form              Tmut/Pois      0%         N/A       96%         3
 Summon Guardian Golem    Hex/Summ       0%         N/A       96%         3
 Swiftness                Air            0%         N/A       96%         3
 Teleport Other           Tloc           0%         N/A       96%         3
 Tukima's Dance           Hex            0%         N/A       96%         3
 Vampiric Draining        Necr           0%         2d6       96%         3
 Airstrike                Air            0%         2d(0-16)  100%        4
 Anguish                  Hex/Necr       0%         N/A       100%        4
 Cause Fear               Hex            0%         N/A       100%        4
 Dispel Undead            Necr           0%         3d6       100%        4
 Fulminant Prism          Conj/Hex       0%         3d5       100%        4
 Ice Form                 Ice/Tmut       0%         N/A       100%        4
 Iskenderun's Mystic Bla  Conj/Tloc      0%         2d3       100%        4
 Leda's Liquefaction      Hex/Erth       0%         N/A       100%        4
 Petrify                  Tmut/Erth      0%         N/A       100%        4
 Sticky Flame             Conj/Fire      0%         2d3       100%        4
 Summon Ice Beast         Ice/Summ       0%         N/A       100%        4
 Alistair's Intoxication  Tmut/Pois      0%         N/A       100%        5
 Blade Hands              Tmut           0%         N/A       100%        5
 Borgnjor's Vile Clutch   Necr/Erth      0%         N/A       100%        5
 Lee's Rapid Deconstruct  Erth           0%         3d4*      100%        5
 Metabolic Englaciation   Hex/Ice        0%         N/A       100%        5
 Summon Forest            Summ/Tloc      0%         N/A       100%        5
 Summon Mana Viper        Hex/Summ       0%         N/A       100%        5
 Dispersal                Tloc           0%         N/A       100%        6
 Eringya's Noxious Bog    Tmut/Pois      0%         N/A       100%        6
 Simulacrum               Ice/Necr       0%         N/A       100%        6
 Starburst                Conj/Fire      0%         6d3       100%        6
 Statue Form              Tmut/Erth      0%         N/A       100%        6
 Summon Cactus Giant      Summ           0%         N/A       100%        6
 Dragon Form              Tmut           0%         N/A       100%        7
 Monstrous Menagerie      Summ           0%         N/A       100%        7
 Orb of Destruction       Conj           0%         9d5       100%        7
 Spellforged Servitor     Conj/Summ      0%         N/A       100%        7
 Ignition                 Fire           0%         3d3       100%        8
 Dragon's Call            Summ           0%         N/A       100%        9


Dungeon Overview and Level Annotations

Branches:
Dungeon (15/15)            Temple (0/1) D:6            Lair (5/5) D:10
 Shoals (4/4) Lair:3       Spider (4/4) Lair:3        Slime (0/5) Lair:5
    Orc (2/2) D:10            Elf (0/3) Orc:2        Vaults (4/5) D:13
  Crypt (0/3) Vaults:2     Depths (1/4) D:15        Ossuary (visited)

Shops:
D:2 !   D:3 :   D:5 ?   D:10 ?   Orc:2 [:!*   Shoals:2 :   Shoals:3 *
Shoals:4 ?   Vaults:3 ?   Depths:1 :==

Portals:
Hell: Depths:1
Abyss: Depths:1


Innate Abilities, Weirdness & Mutations

You have an increased reservoir of magic. (+10% MP)
You shall have no god before yourself.
Your divine heritage dramatically boosts your attributes as you level up.


Message History

The nagaraja hits you but does no damage.
You barely miss the nagaraja.
The nagaraja is lightly wounded.
You feel very sick. The naga warrior completely misses you.
You block the nagaraja's attack.
You beat the nagaraja into a bloody pulp!!!
You punch the nagaraja.
The nagaraja is heavily wounded.
You are no longer firmly anchored in space.
You feel very sick.
The naga mage hits you from afar with a +2 spear of venom!
* * * LOW HITPOINT WARNING * * *
You are more poisoned.
The naga warrior hits you from afar with a +0 trident!
* * * LOW HITPOINT WARNING * * *
You punch the nagaraja!
The nagaraja is severely wounded.
* * * LOW HITPOINT WARNING * * *
You feel very sick. The nagaraja spits poison at you.
The splash of poison hits you but does no damage.
You are more poisoned.
You have difficulty breathing.
* * * LOW HITPOINT WARNING * * *
You feel yourself slow down.
You feel better.
The nagaraja points at you and mumbles some strange words.
The poison arrow misses you. You block the naga mage's attack.
The naga warrior spits poison at you.
The splash of poison hits you but does no damage.
You are poisoned.
The nagaraja casts a spell at you. The bolt of poison misses you.
The naga warrior closely misses you. The nagaraja closely misses you.
You feel better.
The naga mage no longer looks unusually strong.
The nagaraja spits poison at you. The splash of poison misses you.
The naga warrior hits you from afar with a +0 trident!!!
You die...

#..# #..#
#..# #...
#..# #...
#..# #...
#..# . #...
##)# ..
#.## #.#
... #)#
#)### ....
#.# #@≈.#
..... #.#
#N§≈#....S.
#.#


#NNNNSS.NN. #.## #SNSNN..... #... #.≈§#N..... #... #####.§§#...... #...
#.....### ..... #... #.....# ...S. #... #.....# N... #... You could see a
nagaraja (fast, strong, curare, catching breath), 5 naga warriors, a guardian
serpent, 2 naga magi, a naga (strong, curare), 2 adders and a ball python.

Vanquished Creatures
  Mlioglotl (Shoals:1)
  Rupert (Orc:2)
  A titan (Vaults:3)
  Frances (D:12)
  4 sphinxes
  3 krakens
  Gastronok (D:12)
  A tengu reaver (Vaults:3)
  Roxanne (Spider:2)
  Ilsuiw (Shoals:4)
  3 nagarajas (Depths:1)
  A fire giant (Vaults:4)
  Louise (D:14)
  5 emperor scorpions
  4 ghost moths
  8 vault wardens
  Aizul (Vaults:2)
  An orc warlord (Vaults:1)
  A broodmother (Spider:1)
  18 very ugly things
  9 ironbound preservers
  4 ironbound thunderhulks
  A stone giant (Depths:1)
  11 dire elephants
  5 spark wasps
  Snorg (D:12)
  4 merfolk javelineers (Shoals:4)
  A deep elf death mage (Vaults:2)
  2 ettins (Depths:1)
  Josephine (Lair:5)
  8 merfolk impalers
  4 entropy weavers
  A fire dragon (Lair:5)
  6 yaktaur captains
  3 great orbs of eyes
  A rakshasa (Depths:1)
  2 ice dragons (Depths:1)
  2 catoblepae
  2 ogre magi (Orc:2)
  3 vault guards
  2 alligator snapping turtles
  Erica (Lair:1)
  6 ironbound frosthearts
  12 hydras
  10 merfolk aquamancers
  4 jorogumos
  7 radroaches
  9 two-headed ogres
  4 anacondas (Depths:1)
  4 satyrs
  6 boulder beetles
  8 centaur warriors
  3 naga warriors (Depths:1)
  A two-headed ogre (shapeshifter) (D:15)
  3 merfolk avatars
  4 tengu warriors
  8 death yaks
  A vampire mage (Vaults:2)
  An orc high priest (Orc:1)
  A spriggan berserker (Depths:1)
  Urug (Lair:1)
  2 skeletal warriors (D:15)
  8 pharaoh ants
  2 sun moths
  A flayed ghost (D:15)
  A quicksilver dragon simulacrum (Vaults:4)
  8 sea snakes
  9 orb spiders
  21 deep trolls
  5 wizards
  5 lindwurms
  9 ironbound convokers
  A golden dragon skeleton (D:15)
  Pikel (D:4)
  16 harpies
  2 deep elf pyromancers
  26 wolf spiders
  5 orc knights
  2 necromancers
  4 steelbarb worms
  A phantasmal warrior (Vaults:2)
  3 orc sorcerers
  16 fauns
  35 ugly things
  9 cyclopes
  A moth of wrath (Spider:2)
  14 manticores
  4 elephants (Lair:5)
  10 merfolk sirens
  2 guardian serpents (Depths:1)
  2 naga magi (Depths:1)
  17 vault sentinels
  14 black mambas
  Maggie (D:8)
  A stone giant skeleton (D:15)
  6 demonic crawlers
  7 water nymphs
  A yaktaur zombie (Vaults:4)
  17 cane toads
  2 molten gargoyles (Lair:5)
  A titan simulacrum (Vaults:4)
  2 torpor snails
  2 gargoyles
  29 yaktaurs
  A spriggan zombie (D:15)
  A freezing wraith (Vaults:2)
  12 komodo dragons
  4 unseen horrors
  A rime drake (Lair:2)
  2 kobold demonologists (D:10)
  5 tengu conjurers
  A queen bee (Spider:4)
  A yaktaur skeleton (Vaults:4)
  7 polar bears
  15 trolls
  10 meliai
  15 merfolk
  6 hornets
  24 tarantellas
  6 wind drakes
  A hornet (shapeshifter) (D:15)
  10 blink frogs
  16 dream sheep
  4 snapping turtles (Shoals:4)
  A jumping spider (shapeshifter) (D:13)
  41 jumping spiders
  14 water elementals
  12 wyverns
  18 slime creatures
  Sigmund (D:3)
  Eustachio (D:4)
  31 yaks
  24 culicivoras
  5 wraiths
  9 basilisks
  Grum (D:9)
  16 humans (D:12)
  83 redbacks
  3 steam dragons
  5 wargs
  7 vampire mosquitoes
  A glowing shapeshifter zombie (D:15)
  20 water moccasins
  Duvessa (D:7)
  3 hell hounds (Lair:5)
  An ettin simulacrum (Vaults:4)
  18 orc warriors
  4 sky beasts
  8 black bears
  35 wolves
  7 boggarts
  23 ogres
  7 centaurs
  A phantom (D:5)
  6 kobold brigands
  7 bullfrogs
  4 gnoll sergeants
  A necrophage (D:5)
  12 scorpions
  4 wights
  Dowan (D:7)
  24 killer bees
  16 howler monkeys
  6 electric eels
  5 lava snakes (Lair:5)
  3 centaur zombies (Ossuary)
  2 human zombies (Ossuary)
  7 hounds
  2 gnoll boudas (D:7)
  5 orc priests
  3 iguanas
  Terence (D:2)
  9 orc wizards
  7 hell rats
  6 scorpion zombies (Ossuary)
  A boggart simulacrum (D:14)
  3 mummies (Ossuary)
  9 gnolls
  6 adders
  9 river rats (Lair:3)
  A shadow imp (D:6)
  An ufetubus (Vaults:3)
  A worm (D:2)
  A dart slug (D:4)
  56 orcs
  A bat (D:1)
  10 endoplasms
  3 giant cockroaches
  7 goblins
  6 hobgoblins
  7 quokkas
  4 ball pythons
  4 frilled lizards
  2 gnoll zombies (Ossuary)
  A goblin zombie (Ossuary)
  2 hobgoblin zombies (Ossuary)
  11 kobolds
  2 orc zombies (Ossuary)
  6 rats
  6 tentacles
1384 creatures vanquished.

Vanquished Creatures (collateral kills)
  4 lemures (D:4)
4 creatures vanquished.

Vanquished Creatures (others)
  A centaur warrior (D:13)
  A naga warrior (Depths:1)
  A wolf spider (Spider:4)
  A merfolk (Shoals:4)
  A water elemental (Shoals:4)
  5 orcs (Orc:1)
  A bush (Lair:5)
  19 fungi
  84 plants
  12 tentacles
  3 withered plants
129 creatures vanquished.

Grand Total: 1517 creatures vanquished

Notes
Turn   | Place    | Note
-------+----------+-------------------------------------------
     0 | D:1      | HoaS the Demigod Gladiator began the quest for the Orb.
     0 | D:1      | Reached XP level 1. HP: 17/17 MP: 3/3
   239 | D:1      | Reached skill level 3 in Unarmed Combat
   415 | D:1      | Reached XP level 2. HP: 24/24 MP: 4/4
  1059 | D:2      | Identified the +9 plate armour of the Snake Pit {Regen+
                  | Dex+3}
  1175 | D:2      | Reached skill level 4 in Unarmed Combat
  1175 | D:2      | Reached XP level 3. HP: 29/29 MP: 5/5
  1359 | D:2      | Noticed Terence
  1407 | D:2      | Killed Terence
  1521 | D:2      | Reached XP level 4. HP: 36/36 MP: 6/6
  1721 | D:2      | Found Urysez's Distillery.
  1730 | D:2      | Bought a potion of heal wounds for 50 gold pieces
  2076 | D:3      | Reached skill level 5 in Unarmed Combat
  2147 | D:3      | Found Mafycyot's Book Shoppe.
  2214 | D:3      | Noticed Sigmund
  2227 | D:3      | Killed Sigmund
  2228 | D:3      | Reached skill level 6 in Unarmed Combat
  2228 | D:3      | Reached XP level 5. HP: 38/41 MP: 7/7
  2504 | D:4      | Noticed Eustachio
  2518 | D:4      | Killed Eustachio
  2519 | D:4      | Reached XP level 6. HP: 48/48 MP: 8/8
  2534 | D:4      | Noticed Pikel
  2574 | D:4      | Killed Pikel
  2575 | D:4      | Reached skill level 7 in Unarmed Combat
  2575 | D:4      | Reached XP level 7. HP: 53/53 MP: 9/9
  2817 | D:4      | Reached skill level 8 in Unarmed Combat
  3198 | D:5      | Entered Level 5 of the Dungeon
  3466 | D:5      | Reached skill level 9 in Unarmed Combat
  3572 | D:5      | Reached XP level 8. HP: 60/60 MP: 10/10
  3581 | D:5      | Found Winnekk's Magic Scroll Shoppe.
  3945 | D:6      | Noticed a cyclops
  3995 | D:7      | Reached skill level 10 in Unarmed Combat
  4095 | D:7      | Noticed Duvessa
  4095 | D:7      | Noticed Dowan
  4107 | D:7      | Killed Dowan
  4108 | D:7      | Reached skill level 11 in Unarmed Combat
  4120 | D:7      | Killed Duvessa
  4176 | D:7      | Found a sand-covered staircase.
  4185 | Ossuary  | Entered an ossuary
  4263 | Ossuary  | Reached XP level 9. HP: 67/67 MP: 11/11
  4358 | Ossuary  | Reached skill level 12 in Unarmed Combat
  4762 | D:7      | Reached skill level 13 in Unarmed Combat
  5313 | D:8      | Killed an unseen horror
  5396 | D:8      | Killed an unseen horror
  5427 | D:8      | Reached XP level 10. HP: 70/73 MP: 13/13
  5632 | D:6      | Killed a cyclops
  5633 | D:6      | Reached skill level 14 in Unarmed Combat
  6053 | D:6      | Found a staircase to the Ecumenical Temple.
  6764 | D:9      | Noticed Maggie
  6814 | D:8      | Killed Maggie
  6815 | D:8      | Reached skill level 15 in Unarmed Combat
  7300 | D:9      | Noticed Grum
  7308 | D:9      | Reached skill level 1 in Armour
  7317 | D:9      | Killed Grum
  7510 | D:10     | Entered Level 10 of the Dungeon
  7531 | D:10     | Found a staircase to the Orcish Mines.
  7732 | D:10     | Found Xuytur Hecu's Magic Scroll Emporium.
  7942 | D:10     | Noticed a death yak
  7942 | D:10     | Noticed a death yak
  7966 | D:9      | Killed a death yak
  7967 | D:9      | Reached XP level 11. HP: 82/82 MP: 14/14
  7973 | D:10     | Noticed a death yak
  7984 | D:10     | Noticed a death yak
  7993 | D:10     | Noticed a death yak
  8006 | D:9      | Killed a death yak
  8130 | D:10     | Found a staircase to the Lair.
  8144 | Lair:1   | Entered Level 1 of the Lair of Beasts
  8207 | Lair:1   | Noticed Urug
  8229 | Lair:1   | Killed Urug
  8459 | Lair:1   | Noticed Erica
  8472 | Lair:1   | Killed Erica
  8523 | Lair:1   | Reached skill level 16 in Unarmed Combat
  8641 | Lair:1   | Reached skill level 5 in Dodging
  8908 | Lair:1   | Identified the +4 mace of Cer Xaxt {heavy, rPois rCorr
                  | Dex+3}
  8957 | Lair:1   | Noticed a five-headed hydra
  8966 | Lair:1   | Killed a five-headed hydra
  9011 | Lair:1   | Reached skill level 5 in Fighting
  9514 | Lair:2   | Reached XP level 12. HP: 86/94 MP: 15/15
  9542 | Lair:2   | Reached skill level 5 in Armour
  9632 | Lair:2   | Noticed a boulder beetle
  9651 | Lair:2   | Killed a boulder beetle
 10584 | D:5      | Bought a scroll of acquirement for 676 gold pieces
 10584 | D:5      | Acquired 538 gold pieces
 10764 | Lair:3   | Found a staircase to the Shoals.
 11040 | Lair:3   | Reached skill level 17 in Unarmed Combat
 11050 | Lair:3   | Noticed a seven-headed hydra
 11067 | Lair:3   | Killed a seven-headed hydra
 11144 | Lair:3   | Acquired 518 gold pieces
 11162 | Lair:3   | Found a hole to the Spider Nest.
 11269 | Lair:3   | Found a dark tunnel.
 11517 | Lair:4   | Noticed an eight-headed hydra
 11537 | Lair:3   | Killed an eight-headed hydra
 11538 | Lair:3   | Reached XP level 13. HP: 105/105 MP: 16/16
 11608 | Lair:4   | Found the +6 Majin-Bo {spellvamp, MP+6 Int+6}
 12439 | Lair:5   | Entered Level 5 of the Lair of Beasts
 13883 | Lair:5   | Found a large runed translucent door.
 13976 | Lair:5   | Noticed Josephine
 13995 | Lair:5   | Killed Josephine
 14033 | Lair:5   | Found a large runed translucent door.
 14223 | Lair:5   | Found a staircase to the Slime Pits.
 14707 | Lair:5   | Acquired a manual of Fighting
 14980 | D:10     | Reached XP level 14. HP: 114/118 MP: 17/17
 15552 | D:12     | Noticed Snorg
 15573 | D:12     | Killed Snorg
 15703 | D:12     | Noticed Frances
 15718 | D:12     | Killed Frances
 15885 | D:12     | Noticed Gastronok
 15903 | D:12     | Killed Gastronok
 16399 | Orc:1    | Entered Level 1 of the Orcish Mines
 16946 | Orc:2    | Entered Level 2 of the Orcish Mines
 17006 | Orc:2    | Found a staircase to the Elven Halls.
 17065 | Orc:2    | Noticed Rupert
 17070 | Orc:2    | Reached skill level 10 in Dodging
 17085 | Orc:2    | Killed Rupert
 17158 | Orc:2    | Reached skill level 18 in Unarmed Combat
 17181 | Orc:2    | Reached skill level 10 in Fighting
 17261 | Orc:2    | Reached skill level 10 in Armour
 17272 | Orc:2    | Found Juetyu Iwkinn's Assorted Antiques.
 17273 | Orc:2    | Found Zydynayv's Distillery.
 17331 | Orc:2    | Paralysed by something for 4 turns
 17470 | Orc:2    | Found Coocs's Book Boutique.
 17500 | Orc:2    | Found Barghila's Antique Armour Emporium.
 17851 | Orc:2    | Bought a manual of Fighting for 1280 gold pieces
 17858 | Orc:2    | Bought a potion of curing for 105 gold pieces
 17858 | Orc:2    | Bought a scroll of teleportation for 105 gold pieces
 17863 | Orc:2    | Bought a potion of curing for 39 gold pieces
 17863 | Orc:2    | Bought a potion of heal wounds for 65 gold pieces
 17863 | Orc:2    | Bought a potion of haste for 130 gold pieces
 17910 | Orc:1    | Paralysed by an orc sorcerer for 3 turns
 18404 | D:13     | Found a gate to the Vaults.
 19528 | D:14     | Reached XP level 15. HP: 125/129 MP: 18/18
 19604 | D:14     | Noticed Louise
 19734 | D:14     | Killed Louise
 20353 | D:15     | Entered Level 15 of the Dungeon
 20562 | D:15     | Identified the +2 long sword "Qekeqe" {flame, Drain rF+
                  | Str+3}
 20843 | D:15     | Found a staircase to the Depths.
 21650 | Spider:1 | Entered Level 1 of the Spider Nest
 23289 | Spider:2 | Noticed Roxanne
 23467 | Spider:2 | Upgraded the game from 0.30-a0-737-gf23d94013f to
                  | 0.30-a0-738-g116ff8c4af
 23526 | Spider:2 | Reached XP level 16. HP: 114/137 MP: 19/19
 23755 | Spider:2 | Reached skill level 19 in Unarmed Combat
 24086 | Spider:2 | Killed Roxanne
 25927 | Spider:4 | Entered Level 4 of the Spider Nest
 27552 | Spider:4 | Reached skill level 20 in Unarmed Combat
 27681 | Spider:4 | Identified the +2 pair of boots of the Curious Deaths
                  | {Int+3 SInv}
 27713 | Spider:4 | Got a gossamer rune of Zot
 27943 | Shoals:1 | Entered Level 1 of the Shoals
 27955 | Lair:3   | Reached XP level 17. HP: 154/154 MP: 20/20
 28083 | Shoals:1 | Noticed Mlioglotl
 28102 | Shoals:1 | Killed Mlioglotl
 28111 | Shoals:1 | You fall into a shaft and drop 1 floor!
 29040 | Shoals:2 | Identified the -2 helmet of the Harvest Moon {Rampage rElec
                  | Int-3}
 29061 | Shoals:2 | Found Garesearr's Vocational Training.
 29621 | Shoals:3 | Reached skill level 15 in Fighting
 29733 | Shoals:3 | HP: 7/156 [water nymph/the raging water (27)]
 30204 | Shoals:3 | Found Odoolio's Assorted Antiques.
 30698 | Shoals:4 | Entered Level 4 of the Shoals
 30698 | Shoals:4 | Found Cygyutayxto's Magic Scroll Shoppe.
 30778 | Shoals:4 | Bought a scroll of teleportation for 57 gold pieces
 30778 | Shoals:4 | Bought a scroll of enchant armour for 142 gold pieces
 30778 | Shoals:4 | Bought a scroll of blinking for 142 gold pieces
 30926 | Shoals:4 | Noticed Ilsuiw
 30958 | Shoals:4 | Killed Ilsuiw
 31290 | Shoals:4 | Found the +2 pair of slick slippers {slick, slippery, EV+5}
 31674 | Shoals:4 | Identified the ring "Noejaoch" {+Blink Will+ SInv Stlth+}
 32085 | Shoals:4 | Reached skill level 21 in Unarmed Combat
 32284 | Shoals:4 | Got a barnacled rune of Zot
 32535 | Vaults:1 | Entered Level 1 of the Vaults
 32985 | Vaults:1 | Reached XP level 18. HP: 166/166 MP: 21/21
 33899 | Vaults:2 | Found a staircase to the Crypt.
 34328 | Vaults:2 | Reached skill level 15 in Dodging
 34794 | Vaults:2 | Noticed Aizul
 34800 | Vaults:2 | Killed Aizul
 35403 | Vaults:3 | Paralysed by a sphinx for 3 turns
 35416 | Vaults:3 | Reached skill level 15 in Armour
 35450 | Vaults:3 | HP: 4/168 [poisoned by a green very ugly thing]
 35921 | Vaults:3 | Found Hynkeqo's Magic Scroll Boutique.
 35931 | Vaults:3 | Bought a scroll of enchant armour for 157 gold pieces
 35931 | Vaults:3 | Bought a scroll of teleportation for 63 gold pieces
 36047 | Vaults:3 | Reached skill level 22 in Unarmed Combat
 36476 | Vaults:3 | You fall into a shaft and drop 1 floor!
 36482 | Vaults:4 | Paralysed by a sphinx for 2 turns
 36598 | Vaults:4 | Reached XP level 19. HP: 177/177 MP: 22/22
 37311 | Vaults:4 | Identified the amulet "Qonovev" {Reflect rElec Dex+4 SH+5}
 38307 | Depths:1 | Entered Level 1 of the Depths
 38390 | Depths:1 | Found Riq Kops's Book Shoppe.
 38390 | Depths:1 | Found Juhe's Jewellery Shop.
 38392 | Depths:1 | Found Gal Qut's Jewellery Shop.
 38402 | Depths:1 | Bought a +6 ring of strength for 648 gold pieces
 38402 | Depths:1 | Bought a +6 ring of strength for 648 gold pieces
 38437 | Depths:1 | Identified the +0 ring mail of Wasted Space {Harm Will+}
 39018 | Depths:1 | Found a gateway to Hell.
 39085 | Depths:1 | Found a one-way gate to the infinite horrors of the Abyss.
 39239 | Depths:1 | HP: 4/180 [asphyx]
 39241 | Depths:1 | Mangled by a naga warrior

Illustrated notes

Levels and vault maps discovered:
D:1:      dpeg_arrival_long_road, layout_basic
D:2:      minmay_recursive_quarters, layout_basic, serial_shops,
          nicolae_shop_statue_plus, uniq_terence
D:3:      layout_rooms, nicolae_ru_sacrificial_ziggurat,
          nicolae_ecumenical_lake_church, serial_shops, shop,
          reono_crystal_passage, minmay_misc_feat_more_columns, uniq_sigmund
D:4:      layout_loops_ring, vehumet_crystals,
          nicolae_gozag_cash_rules_everything_around_me, serial_park_tiny_1,
          uniq_eustachio, uniq_pikel
D:5:      layout_loops_ring, mainiacjoe_overflow_boulevard, serial_shops, shop,
          fountainhead
D:6:      layout_basic, grunt_temple_overflow_bloody_war,
          minmay_temple_entry_junction_2
D:7:      minmay_octagon_keep, layout_gridville, enter_ossuary_1, uniq_duvessa
D:8:      layout_rooms, mainiacjoe_overflow_concentric_impassable,
          minmay_misc_feat_tower
D:9:      layout_grid_maze, lemuel_crystal_altar,
          mainiacjoe_overflow_tiny_flanked, serial_bayou_pond_b, st_stairs_11,
          nicolae_figureground_pulse, uniq_grum, uniq_maggie
D:10:     layout_grid_maze, dpeg_lair_monsters,
          kennysheep_orc_monster_closet_entryway, serial_shops, shop
D:11:     layout_cross, nzn_hepliaklqana_mist_gate
D:12:     layout_irregular_city, dreamdust_princess_bridge, uniq_snorg,
          uniq_gastronok, uniq_frances
D:13:     layout_basic, david_vaults_3
D:14:     layout_basic, kennysheep_path_1, uniq_louise
D:15:     gammafunk_depths_entry_grave, layout_gridville,
          dreamdust_princess_corridor, minivault_12
Lair:1:   beast_lair_carwin_large_3, layout_regular_city, grunt_megastairs_4,
          lemuel_fruit_fields, uniq_urug, uniq_erica
Lair:2:   beast_lair_carwin_large_4, layout_misc_corridors
Lair:3:   layout_cave_shapes, shoals_dummy_entry,
          hellmonk_spider_entry_not_the_bees, nicolae_volcano_entry_two_sided,
          kennysheep_rathole
Lair:4:   beast_lair_carwin_large_1, layout_regular_city, lemuel_fruit_fields
Lair:5:   cheibrodos_lair_end_hotspot, layout_layer_cave,
          dpeg_slime_entry_enclosed, kilobyte_rumbling_trees,
          serial_bayou_shore_a, lemuel_fruit_tree, uniq_josephine
Shoals:1: layout_shoals, argonaut_gorgonesque, uniq_mlioglotl
Shoals:2: layout_shoals, nicolae_shop_vocational
Shoals:3: layout_shoals, serial_shops, shop, nicolae_splish_splash
Shoals:4: shoals_end_hangedman, layout_shoals, shoals_ilsuiw_ice, serial_shops,
          shop, nicolae_shoals_lost_giant_hut
Spider:1: layout_spider_delve
Spider:2: layout_spider_delve, nicolae_spider_world_wide_web, uniq_roxanne
Spider:3: layout_chambers, nicolae_spider_shape
Spider:4: spider_rune_water, portal_ice_cave_entry_pillars_1, special_room
          [special_room_bee], drop_trap, nicolae_spider_baby_got_redback
Orc:1:    layout_diamond_mine
Orc:2:    st_orc_open, layout_diamond_mine, uniq_rupert
Vaults:1: ontoclasm_vaults_pinch, vaults_standard_mumra_enter_the_diamond,
          v_alt_pattern_3, hangedman_vaults_river_flow, grunt_vaults_swirl,
          vaults_room_grid, vaults_room_pool, v_misc_15,
          vaults_room_stairs_pillars, layout_vaults_quadrants
Vaults:2: v_misc_25, vaults_dpeg_doors, minmay_crypt_entry_simple_statues,
          vaults_standard_mumra_lines, v_alt_pattern_3,
          nicolae_vaults_circle_grid_b, v_misc_23,
          nicolae_vaults_little_squares_1, grunt_vaults_hallway_short,
          v_misc_29, nicolae_vaults_alarming, layout_vaults_big_room, uniq_aizul
Vaults:3: v_alt_pattern_6, serial_ice_g, ontoclasm_vaults_idyll,
          nicolae_vaults_little_ls, vaults_mumra_hexcomb, v_misc_10,
          dpeg_vaults_monster_box, hangedman_vaults_nails,
          hangedman_vaults_stitches, ontoclasm_vaults_misaligned,
          nicolae_vaults_halls_meeting, vaults_dpeg_encased_lava,
          layout_vaults_big_cross, serial_shops, shop
Vaults:4: hangedman_vaults_slither, v_misc_17, hangedman_vaults_nails,
          nicolae_vaults_three_branches, v_misc_13, grunt_vaults_trifunnel,
          nicolae_vaults_theta, hangedman_vaults_impose, v_pattern_4,
          vaults_mumra_lcd, nicolae_vaults_yaktaur_gun_rack,
          nicolae_vaults_ring_of_whatevers, nicolae_vaults_circle_grid_a,
          vaults_dpeg_ring, nicolae_vaults_little_squares_6, vaults_dpeg_hooks,
          layout_vaults_maze_snakey
Depths:1: layout_gridlike, hell_entry, nicolae_integral_box,
          abyss_entry_crystal, minmay_serpent_palace, minmay_shop_grove,
          serial_bayou_shore_b

Skill      XL: |  1  2  3  4  5  6  7  8  9 10 11 12 13 14 15 16 17 18 19 |
---------------+----------------------------------------------------------+-----
Unarmed Combat | 3 4 6 7 9 11 13 15 16 17 18 20 21 22 | 22.8
Fighting       | 3 5 7 9 11 12 14 16 17 18 | 18.4
Armour         | 2 4 7 8 10 12 13 14 15 | 15.9
Dodging        | 3 5 7 9 11 12 13 14 15 16 | 16.1
Throwing       | |  1.7

Action                     |  1- 3 |  4- 6 |  7- 9 | 10-12 | 13-15 | 16-18 | 19-21 || total
---------------------------+-------+-------+-------+-------+-------+-------+-------++-------
  Melee: Unarmed           |   203 |    60 |   436 |   801 |  1611 |  2007 |   355 ||  5473
         Punch             |     6 |     1 |    26 |    73 |   214 |   330 |    79 ||   729
  Throw: Throwing net      |     1 |     2 |     1 |       |       |       |       ||     4
         Javelin           |     1 |     2 |       |     8 |    13 |       |       ||    24
         Dart              |       |     8 |       |       |       |       |       ||     8
         Boomerang         |       |       |       |       |     2 |    12 |    18 ||    32
  Evoke: Wand              |       |       |       |       |       |     2 |       ||     2
    Use: Scroll            |     5 |     5 |     7 |     9 |     7 |     6 |     1 ||    40
         Potion            |       |       |     1 |     3 |     7 |     9 |     2 ||    22
   Stab: Held in net/web   |     2 |     1 |     2 |       |       |     1 |       ||     6
         Distracted        |       |       |       |     1 |       |       |       ||     1
         Petrified         |       |       |       |       |       |     4 |       ||     4
 Armour: Leather armour    |    38 |       |       |       |       |       |       ||    38
         Plate armour      |    46 |    26 |   249 |   483 |   804 |   761 |    63 ||  2432
  Dodge: Dodged            |    64 |     9 |   160 |   381 |  1287 |  2344 |   222 ||  4467
  Block: Other             |       |       |       |       |       |       |    27 ||    27
         Reflection        |       |       |       |       |       |       |     3 ||     3

Table legend: (Time is in decaauts)
 A = Elapsed time spent in this place.
 B = Non-inter-level travel time spent in this place.
 C = Inter-level travel time spent in this place.
 D = Time resting spent in this place.
 E = Time spent auto-exploring this place.
 F = Levels seen in this place.
 G = Mean time per level.
                   A        B        C        D        E       F      G
               +--------+--------+--------+--------+--------+-----+--------+
         Total |  37952 |  35669 |   2283 |   5771 |  20462 |  36 | 1054.2 |
       Dungeon |  13180 |  12042 |   1138 |   1276 |   7786 |  15 |  878.7 |
          Lair |   6456 |   6033 |    423 |    884 |   3619 |   5 | 1291.2 |
        Shoals |   4554 |   4391 |    163 |    876 |   2175 |   4 | 1138.5 |
   Spider Nest |   5815 |   5570 |    245 |   1584 |   2402 |   4 | 1453.8 |
  Orcish Mines |   1387 |   1279 |    108 |    121 |    690 |   2 |  693.5 |
        Vaults |   5391 |   5188 |    203 |    888 |   3205 |   4 | 1347.8 |
        Depths |    862 |    862 |      0 |    133 |    461 |   1 |  862.0 |
       Ossuary |    305 |    305 |      0 |      7 |    122 |   1 |  305.0 |
               +--------+--------+--------+--------+--------+-----+--------+

Top non-repeatable levels by time:
  Lair:5: 2186 daAuts
Spider:3: 1876 daAuts
Shoals:4: 1597 daAuts
Vaults:3: 1541 daAuts
    D:10: 1502 daAuts
Spider:4: 1445 daAuts
  Lair:1: 1426 daAuts
Spider:2: 1344 daAuts
Vaults:4: 1301 daAuts
Vaults:1: 1291 daAuts
Vaults:2: 1256 daAuts
Shoals:3: 1255 daAuts
     D:9: 1164 daAuts
Spider:1: 1149 daAuts
    D:15: 1056 daAuts
